 Dungeon Crawl Stone Soup version 0.23.0 (webtiles) character file.

Game seed: 16874890194539323166

354 xccam the Ruffian (level 6, -9/47 HPs)
             Began as a Draconian Transmuter on Feb 18, 2019.
             Mangled by an ogre
             ... wielding a +0 giant club
              (13 damage)
             ... on level 4 of the Dungeon.
             The game lasted 00:07:17 (2799 turns).

xccam the Ruffian (Draconian Transmuter)            Turns: 2799, Time: 00:07:18

Health: -9/47      AC:  8    Str: 13    XL:     6   Next: 35%
Magic:  4/9        EV: 12    Int: 14    God:
Gold:   90         SH:  0    Dex: 12    Spells: 6/9 levels left

rFire    . . .     SeeInvis .     - Unarmed
rCold    . . .     Gourm    .   (no shield)
rNeg     . . .     Faith    .   (armour unavailable)
rPois    +         Spirit   .   (helmet restricted)
rElec    .         Reflect  .   (no cloak)
rCorr    .         Harm     .   p - +1 pair of gloves
MR       .....                  (boots currently unavailable)
Stlth    +.........             (no amulet)
HPRegen  0.15/turn              i - ring of poison resistance
MPRegen  0.11/turn              (no ring)

@: appendage (expiring)
A: unfitting armour, talons 3, cold-blooded, AC +6
a: End Transformation


You were on level 4 of the Dungeon.
You were not hungry.
You had grown temporary talons.
You visited 1 branch of the dungeon, and saw 4 of its levels.

You collected 90 gold pieces.

Inventory:

Missiles
 a - 16 arrows
Armour
 p - a +1 pair of gloves (worn)
Jewellery
 i - a ring of poison resistance (left hand)
Wands
 d - a wand of flame (8)
 l - a wand of random effects (11)
Scrolls
 e - a scroll of remove curse {unknown}
 g - a scroll of teleportation {unknown}
 h - a scroll of enchant weapon {unknown}
 k - 3 scrolls of fear {unknown}
 n - 2 scrolls of identify {unknown}
Potions
 b - 2 potions of mutation {unknown}
 f - a potion of heal wounds {unknown}
 j - a potion of degeneration {unknown}
 m - 4 potions of curing {unknown}
 o - 2 potions of haste {unknown}
Comestibles
 c - 7 rations
 q - a chunk of flesh


   Skills:
 - Level 1.1 Fighting
 - Level 1.7 Dodging
 + Level 5.7 Unarmed Combat
 - Level 2.0 Spellcasting
 + Level 4.7 Transmutations


You had 6 spell levels left.
You knew the following spells:

 Your Spells              Type           Power        Failure   Level  Hunger
a - Beastly Appendage     Tmut           ##....       3%          1    ##.....
b - Sticks to Snakes      Tmut           ##......     5%          2    ###....

Your spell library contained the following spells:

 Spells                   Type           Power        Failure   Level  Hunger
 Spider Form              Tmut/Pois      #.........   26%         3    ####...
 Ice Form                 Ice/Tmut       #.......     65%         4    #####..
 Blade Hands              Tmut           ##........   67%         5    ######.


Dungeon Overview and Level Annotations

Branches:
Dungeon (4/15)
 Temple: D:4-7

Altars:
Elyvilon


Innate Abilities, Weirdness & Mutations

Your plain brown scales are hard. (AC +6)
You cannot fit into any form of body armour.
You are cold-blooded and may be slowed by cold attacks.
You have claws for feet.


Message History

You kill the orc!
Your transformation is almost over.
Unknown command.
You barely miss the orc priest.
The orc priest is lightly wounded.
The adder barely misses you.
Your ball python bites the orc priest but does no damage.
Your ball python grabs the orc priest.
Your ball python constricts the orc priest.
The orc priest casts a cantrip, but nothing happens.
The ogre hits you with a +0 giant club!!
Ouch! That really hurt!
Unknown command.
Your ball python bites the orc priest but does no damage.
Your ball python constricts the orc priest.
The orc priest calls down the wrath of Beogh upon you.
Beogh smites you!
* * * LOW HITPOINT WARNING * * *
The adder bites you but does no damage. The ogre hits you with a +0 giant club!
You die...

.....##
#...?.##
.......# #
....#.#..
....?...
#...#.#
##?..[.##
######.@.l...##
......SSO......
......Zo##.....
###...... #...
#...#....# .#
..###..#.# # .
... .. .... ##
#.##.


You could see an ogre, an orc priest, an adder, a frilled lizard, an adder
skeleton and a friendly ball python.

Vanquished Creatures
  Sigmund (D:2)
  Terence (D:2)
  An orc wizard (D:3)
  3 gnolls (D:2)
  2 adders
  4 worms
  6 dart slugs
  A leopard gecko (D:1)
  7 orcs
  A giant cockroach (D:3)
  9 goblins
  4 hobgoblins
  7 jackals
  6 kobolds
  2 quokkas (D:3)
  A ball python (D:3)
  8 bats
  7 frilled lizards
  2 rats
73 creatures vanquished.

Vanquished Creatures (collateral kills)
  2 bats (D:1)
  A quokka (D:2)
3 creatures vanquished.

Vanquished Creatures (others)
  An orc (D:3)
  A quokka (D:3)
  A frilled lizard (D:4)
3 creatures vanquished.

Grand Total: 79 creatures vanquished

Notes
Turn   | Place    | Note
-------+----------+-------------------------------------------
     0 | D:1      | xccam the Draconian Transmuter began the quest for the Orb.
     0 | D:1      | Reached XP level 1. HP: 16/16 MP: 3/3
    48 | D:1      | Reached XP level 2. HP: 4/23 MP: 3/5
    56 | D:1      | Learned a level 2 spell: Sticks to Snakes
   491 | D:1      | Reached XP level 3. HP: 20/28 MP: 6/6
   561 | D:1      | Reached skill level 4 in Unarmed Combat
   834 | D:2      | Noticed Terence
   843 | D:2      | Killed Terence
   843 | D:2      | Reached XP level 4. HP: 31/35 MP: 3/7
  1422 | D:2      | Noticed Sigmund
  1438 | D:2      | Killed Sigmund
  1438 | D:2      | Reached skill level 5 in Unarmed Combat
  1438 | D:2      | Reached XP level 5. HP: 26/40 MP: 8/8
  1438 | D:2      | Reached XP level 6. HP: 30/47 MP: 9/9
  2234 | D:3      | Found a white marble altar of Elyvilon.
  2799 | D:4      | Mangled by an ogre

Skill      XL: |  1  2  3  4 |
---------------+-------------+-----
Unarmed Combat | 4 5 |  5.7
Transmutations | 3 4 |  4.7
Fighting       | |  1.1
Dodging        | |  1.7
Spellcasting   | |  2.0

Action                   |  1- 3 |  4- 6 || total
-------------------------+-------+-------++-------
Melee: Unarmed           |   117 |   147 ||   264
       Tailslap          |     8 |    16 ||    24
       Headbutt          |     5 |       ||     5
       Kick              |     6 |     4 ||    10
       Punch             |     2 |     3 ||     5
 Cast: Beastly Appendage |     6 |     3 ||     9
       Sticks to Snakes  |     4 |     4 ||     8
Evoke: Wand              |       |    10 ||    10
 Stab: Distracted        |       |     1 ||     1
  Eat: Chunk             |       |     7 ||     7
Armor: Skin              |    69 |    56 ||   125
Dodge: Dodged            |   124 |    84 ||   208
